 Dungeon Crawl Stone Soup version 0.29-a0-872-g797fff5ad1 (webtiles) character file.

Game seed: 9884975550823493441

203 BritishOli the Ducker (level 5, 0/41 HPs)
             Began as a Demonspawn Gladiator on July 18, 2022.
             Was an Initiate of Okawaru.
             Slain by an orc
             ... wielding a +0 war axe
              (7 damage)
             ... on level 4 of the Dungeon.
             The game lasted 00:06:38 (4453 turns).

BritishOli the Ducker (Demonspawn Gladiator)        Turns: 4453, Time: 00:06:39

Health: 0/41       AC:  4    Str: 16    XL:     5   Next: 51%
Magic:  5/5        EV: 13    Int: 10    God:    Okawaru [......]
Gold:   155        SH:  0    Dex: 14    Spells: 4/4 levels left

rFire   . . .      SeeInvis .   a - +0 long sword
rCold   + . .      Faith    .   (no shield)
rNeg    . . .      Spirit   .   b - +0 leather armour
rPois   .          Reflect  .   (helmet restricted)
rElec   .          Harm     .   r - +0 cloak
rCorr   .          Rampage  .   (no gloves)
Will    .....                   (no boots)
Stlth   +.........              (no amulet)
HPRegen 0.13/turn               w - ring of protection from cold
MPRegen 0.09/turn               (no ring)

@: no status effects
A: antennae 1, powered by death 1
a: Renounce Religion


You were on level 4 of the Dungeon.
You worshipped Okawaru.
Okawaru was noncommittal.
You visited 1 branch of the dungeon, and saw 4 of its levels.

You collected 155 gold pieces.

Inventory:

Hand Weapons
 a - a +0 long sword (weapon)
Missiles
 d - 3 throwing nets
 e - a javelin
 k - 4 boomerangs (quivered)
Armour
 b - a +0 leather armour (worn)
 c - a +0 helmet
 r - a +0 cloak (worn)
Jewellery
 n - a +6 ring of intelligence
 w - a ring of protection from cold (left hand)
Scrolls
 h - 4 scrolls of identify
 m - 3 scrolls of teleportation {unknown}
 o - 2 scrolls of enchant armour {unknown}
 q - 4 scrolls of vulnerability
 x - a scroll of poison {unknown}
Potions
 f - a potion of curing
 g - a potion of magic {unknown}
 i - 2 potions of brilliance {unknown}
 j - a potion of heal wounds
 l - a potion of berserk rage {unknown}
 p - 2 potions of flight {unknown}
 s - a potion of attraction {unknown}
 t - a potion of haste {unknown}
 u - 2 potions of might {unknown}
 v - 2 potions of resistance {unknown}


   Skills:
 + Level 3.3 Fighting
 + Level 3.6 Long Blades
 - Level 2.1 Throwing
 + Level 1.8 Armour
 + Level 3.6 Dodging


You had 4 spell levels left.
You didn't know any spells.
Your spell library contained the following spells:

 Spells                   Type           Power      Damage    Failure   Level
 Apportation              Tloc           0%         N/A       43%         1
 Magic Dart               Conj           0%         1d3       43%         1
 Necrotise                Necr           0%         1d4       43%         1
 Slow                     Hex            0%         N/A       43%         1
 Searing Ray              Conj           0%         2d4       56%         2
 Confusing Touch          Hex            0%         N/A       80%         3
 Dazzling Flash           Conj/Hex       0%         N/A       80%         3
 Ignite Poison            Fire/Tmut/Pois 0%         N/A       80%         3
 Mephitic Cloud           Conj/Pois/Air  0%         N/A       80%         3
 Vampiric Draining        Necr           0%         2d6       80%         3
 Fulminant Prism          Conj/Hex       0%         3d6       99%         4
 Agony                    Necr           0%         N/A       100%        5
 Freezing Cloud           Conj/Ice/Air   0%         6-21      100%        5
 Silence                  Hex/Air        0%         N/A       100%        5
 Summon Small Mammal      Summ           Unusable   N/A       N/A         1

Dungeon Overview and Level Annotations

Branches:
Dungeon (4/15)
 Temple: D:4-7

Altars:
Okawaru


Innate Abilities, Weirdness & Mutations

You have a pair of small antennae on your head.
You regenerate a little health from kills.


Message History

No target in view!
No target in view!
HP restored.
x - a scroll labelled IPPATWISOO
Things that are here:
a +0 short sword; a kobold corpse The orc shouts!
You hear a shout!
The goblin shouts!
There are monsters nearby!
The orc hits you with a +0 war axe.
You hit the orc.
The orc is lightly wounded.
The orc barely misses you.
You closely miss the orc.
The orc is lightly wounded.
The orc misses you.
You completely miss the orc.
The orc is lightly wounded.
The orc hits you with a +0 war axe!
You closely miss the orc.
The orc is lightly wounded.
The orc hits you but does no damage. The orc closely misses you.
You closely miss the orc.
The orc is lightly wounded.
The goblin closely misses you. The orc hits you with a +0 war axe!
The goblin hits you with a +0 club.
You are too injured to fight recklessly!
You are too injured to fight recklessly!
You are too injured to fight recklessly!
You barely miss the goblin. The orc hits you with a +0 war axe.
The goblin hits you with a +0 club.
You closely miss the goblin. The orc hits you with a +0 war axe!
* * * LOW HITPOINT WARNING * * *
The goblin hits you but does no damage. The goblin attacks as you move away!
The goblin hits you with a +0 club.
* * * LOW HITPOINT WARNING * * *
There is a stone staircase leading up here.
Okay, then.
The orc hits you with a +0 war axe!
You die...

....##...........##.. #
####.####...........#
#..##............##
###.####..[..........
#....................
#..........###.......
#......)..#g.#.......
#.........†..#.o........
............#...@...^...
........######....##....
.....##.# #..### .#.
#.... ... .....#
......... ........
...................
...###.##. ..8 ..#


You could see an orc and a goblin.

Vanquished Creatures
  An orc priest (D:3)
  A hound (D:3)
  3 gnolls (D:2)
  3 adders
  3 worms
  A dart slug (D:4)
  8 orcs
  4 bats
  6 endoplasms
  4 giant cockroaches
  6 goblins
  8 hobgoblins
  6 kobolds
  2 quokkas (D:1)
  8 ball pythons
  4 frilled lizards
  6 rats
74 creatures vanquished.

Notes
Turn   | Place    | Note
-------+----------+-------------------------------------------
     0 | D:1      | BritishOli the Demonspawn Gladiator began the quest for the
                  | Orb.
     0 | D:1      | Reached XP level 1. HP: 16/16 MP: 1/1
   206 | D:1      | Gained mutation: You regenerate a little health from kills.
                  | [demonic ancestry]
   206 | D:1      | Reached XP level 2. HP: 14/22 MP: 2/2
   599 | D:1      | Found a faded altar of an unknown god.
  1315 | D:2      | Reached XP level 3. HP: 27/28 MP: 3/3
  1846 | D:2      | Reached XP level 4. HP: 17/34 MP: 4/4
  1850 | D:2      | Reached skill level 1 in Armour
  2702 | D:3      | Found an iron altar of Okawaru.
  2715 | D:3      | Became a worshipper of Warmaster Okawaru
  3115 | D:3      | Gained mutation: You have a pair of small antennae on your
                  | head. [demonic ancestry]
  3115 | D:3      | Reached XP level 5. HP: 17/41 MP: 5/5
  4055 | D:4      | HP: 2/41 [something/puff of flame (11)]
  4453 | D:4      | Slain by an orc

Illustrated notes

Levels and vault maps discovered:
D:1:      dpeg_arrival_rooms_with_view, layout_loops_ring,
          hellmonk_ecumenical_altar_lost_god, minmay_misc_feat_more_columns,
          hangedman_abyss_or_decor_stabs
D:2:      layout_loops_ring
D:3:      layout_loops_cross, kennysheep_okawaru_gauntlet,
          grunt_decor_resistance
D:4:      cheibrodos_helix_gallery, layout_cave_pools, lemuel_blue_sif_altar,
          gammafunk_temple_overflow_wave, chequers_serial_rivers_micro_a,
          minivault_14, nicolae_stop_n_shop_2, corner_web_ring,
          nicolae_zen_rock_garden, kennysheep_pointless_box

Skill      XL: |  1  2  3  4 |
---------------+-------------+-----
Throwing       | 2 |  2.1
Long Blades    | 3 |  3.6
Dodging        | 3 |  3.6
Armour         | 1 |  1.8
Fighting       | 3 |  3.3

Action                   |  1- 3 |  4- 6 || total
-------------------------+-------+-------++-------
Melee: Long sword        |   112 |   157 ||   269
       Punch             |       |     2 ||     2
Throw: Boomerang         |       |     2 ||     2
  Use: Potion            |       |     4 ||     4
       Scroll            |       |     1 ||     1
 Stab: Sleeping          |     3 |     3 ||     6
Armor: Leather armour    |    38 |    45 ||    83
Dodge: Dodged            |    65 |   111 ||   176

Table legend: (Time is in decaauts)
 A = Elapsed time spent in this place.
 B = Non-inter-level travel time spent in this place.
 C = Inter-level travel time spent in this place.
 D = Time resting spent in this place.
 E = Time spent auto-exploring this place.
 F = Levels seen in this place.
 G = Mean time per level.
                   A        B        C        D        E       F      G
               +--------+--------+--------+--------+--------+-----+--------+
         Total |   4522 |   4271 |    251 |   1145 |   2424 |   4 | 1130.5 |
       Dungeon |   4522 |   4271 |    251 |   1145 |   2424 |   4 | 1130.5 |
               +--------+--------+--------+--------+--------+-----+--------+

Top non-repeatable levels by time:
     D:3: 1830 daAuts
     D:1: 1260 daAuts
     D:2: 1040 daAuts
     D:4: 391 daAuts
